 Dungeon Crawl Stone Soup version 0.23.2-1-ga50397a (webtiles) character file.

Game seed: 16853053033327403295

278 Kairos the Shield-Bearer (level 6, -5/48 HPs)
             Began as a Formicid Fighter on Apr 19, 2019.
             Killed from afar by Kaosu's ghost (8 damage)
             ... with a puff of flame
             ... on level 3 of the Dungeon.
             The game lasted 00:03:03 (2495 turns).

Kairos the Shield-Bearer (Formicid Fighter)         Turns: 2495, Time: 00:03:04

Health: -5/48      AC: 13    Str: 27    XL:     6   Next: 51%
Magic:  6/6        EV:  6    Int:  8    God:
Gold:   165        SH: 10    Dex: 10    Spells: 5/5 levels left

rFire    . . .     SeeInvis +   a - +0 quarterstaff
rCold    + . .     Gourm    .   c - +0 shield
rNeg     . . .     Faith    .   g - +1 plate armour
rPois    .         Spirit   .   (helmet unavailable)
rElec    .         Reflect  .   k - scarf {cloud immunity}
rCorr    .         Harm     .   (no gloves)
MR       .....                  (no boots)
Stlth    ..........             (no amulet)
HPRegen  0.16/turn              j - ring of protection from cold
MPRegen  0.10/turn              (no ring)

@: mighty, starving
A: permanent stasis, dig shafts and tunnels, four strong arms, antennae 3
a: Dig, Shaft Self


You were on level 3 of the Dungeon.
You were starving.

You visited 1 branch of the dungeon, and saw 3 of its levels.

You collected 165 gold pieces.

Inventory:

Hand Weapons
 a - a +0 quarterstaff (weapon)
Armour
 b - a +0 scale mail
 c - a +0 shield (worn)
 g - a +1 plate armour (worn)
 k - a scarf of cloud immunity (worn)
Jewellery
 j - a ring of protection from cold (left hand)
Scrolls
 h - a scroll of identify
 i - 2 scrolls of remove curse
 o - a scroll of fear {unknown}
 p - a scroll of amnesia {unknown}
Potions
 d - a potion of might
 e - 2 potions of heal wounds
 l - a potion of curing
 n - a potion of flight
Comestibles
 f - 8 rations


   Skills:
 + Level 4.0 Fighting
 + Level 4.2 Staves
 + Level 4.6 Armour
 + Level 0.3 Dodging
 + Level 5.1 Shields


You had 5 spell levels left.
You didn't know any spells.
Your spell library was empty.

Dungeon Overview and Level Annotations

Branches:
Dungeon (3/15)

Altars:
Ashenzari
Xom
The Shining One

Annotations:
D:3 Kaosu's ghost, amateur DrFE


Innate Abilities, Weirdness & Mutations

You cannot be hasted, slowed, berserked, paralysed or teleported.
You can dig through walls and to a lower floor.
Your four strong arms can wield two-handed weapons with a shield.
You have a pair of large antennae on your head. (SInv)


Message History

You completely miss Kaosu's ghost. Kaosu's ghost hits you.
You closely miss Kaosu's ghost. Kaosu's ghost casts a spell at you.
The puff of flame hits you!
* * * LOW HITPOINT WARNING * * *
You completely miss Kaosu's ghost.
Kaosu's ghost gestures at you while chanting.
The puff of flame hits you.
* * * LOW HITPOINT WARNING * * *
You completely miss Kaosu's ghost. Kaosu's ghost casts a spell at you.
The puff of flame hits you.
* * * LOW HITPOINT WARNING * * *
You miss Kaosu's ghost.
Kaosu's ghost hits you but does no damage.
You completely miss Kaosu's ghost.
Kaosu's ghost hits you but does no damage.
Kaosu's ghost casts a spell at you. The puff of flame hits you!
You die...

#.# ##.## #####.#
#...... #.####.#
#.# ####.##
#.##...# #.# #.#
#.##.### #.# #.#
#.##.############
#.######.##
#.##............#
#..........
#.#####..######.#
#######.### #(#
#.....ZZW##.#
#.#.. #.#
###'''###@#.#
#.#<# #.#
#....Z.{###.#
#####.#.# #.#
##.....## #.#
#.....#.# #.#
#.......# #.#
#.#####.# #.#
##.??..## #.# #.#
#.# ##.#
#?.#.#..# #.# #.#
#.# #..#
######### #.# #.#
#.# #.##
#########.# #.#
#.. #.#
#.........# #.#
#..


You could see Kaosu's ghost, a jackal skeleton and a howler monkey skeleton.

Vanquished Creatures
  2 jellies (D:3)
  An orc wizard (D:3)
  8 gnolls
  2 adders
  2 oozes
  A worm (D:3)
  A dart slug (D:1)
  5 leopard geckos
  5 orcs (D:3)
  2 giant cockroaches
  7 goblins
  5 hobgoblins
  An iguana (D:3)
  7 jackals
  A quokka (D:2)
  2 ball pythons
  4 bats
  5 frilled lizards
  9 kobolds
  A leopard gecko skeleton (D:3)
  5 rats
76 creatures vanquished.

Notes
Turn   | Place    | Note
-------+----------+-------------------------------------------
     0 | D:1      | Kairos the Formicid Fighter began the quest for the Orb.
     0 | D:1      | Reached XP level 1. HP: 18/18 MP: 1/1
   150 | D:1      | Reached XP level 2. HP: 24/24 MP: 2/2
   259 | D:1      | Reached skill level 4 in Shields
   290 | D:1      | Reached XP level 3. HP: 29/29 MP: 3/3
   786 | D:2      | Found a glowing golden altar of the Shining One.
   998 | D:2      | Reached XP level 4. HP: 37/37 MP: 4/4
  1245 | D:2      | Reached XP level 5. HP: 37/42 MP: 5/5
  1735 | D:3      | Reached XP level 6. HP: 45/48 MP: 6/6
  1860 | D:3      | Found a shimmering altar of Xom.
  2042 | D:3      | Reached skill level 5 in Shields
  2213 | D:3      | Found a shattered altar of Ashenzari.
  2272 | D:3      | Found a runed translucent gate.
  2272 | D:3      | Found a runed translucent gate.
  2273 | D:3      | Found a runed translucent gate.
  2273 | D:3      | Noticed Kaosu's ghost (amateur DrFE)
  2495 | D:3      | Killed from afar by Kaosu's ghost

Skill      XL: |  1  2  3  4  5  6 |
---------------+-------------------+-----
Shields        | 4 5 |  5.1
Armour         | 4 |  4.6
Staves         | 3 4 |  4.2
Fighting       | 4 |  4.0
Dodging        | |  0.3

Action                   |  1- 3 |  4- 6 || total
-------------------------+-------+-------++-------
Melee: Quarterstaff      |   102 |   219 ||   321
 Abil: Dig               |       |     4 ||     4
  Use: Scroll            |     2 |     4 ||     6
       Potion            |       |     2 ||     2
  Eat: Chunk             |       |     4 ||     4
Armor: Plate armour      |    42 |   112 ||   154
       Scale mail        |     2 |       ||     2
Dodge: Dodged            |    14 |    34 ||    48
Block: Shield            |    61 |   113 ||   174
